 Dungeon Crawl Stone Soup version 0.23-a0-808-gd21de94 (webtiles) character file.

1318 Lanoc the Shield-Bearer (level 8, -1/67 HPs)
             Began as a Gnoll Fighter on Jan 20, 2019.
             Was a Believer of Cheibriados.
             Slain by a wight
             ... wielding a +4 halberd of freezing
              (3 damage)
             ... on level 8 of the Dungeon.
             The game lasted 00:09:36 (5610 turns).

Lanoc the Shield-Bearer (Gnoll Fighter)             Turns: 5610, Time: 00:09:36

Health: -1/67      AC: 11    Str: 25    XL:     8   Next: 59%
Magic:  12/13      EV: 10    Int: 17    God:    Cheibriados [**....]
Gold:   395        SH: 11    Dex: 19    Spells: 13/13 levels left

rFire    . . .     SeeInvis .   D - +3 flail (holy)
rCold    + . .     Gourm    .   c - +0 shield
rNeg     . . .     Faith    .   s - +4 scale mail
rPois    .         Spirit   .   (no helmet)
rElec    .         Reflect  .   (no cloak)
rCorr    .         Harm     .   (no gloves)
MR       .....                  (no boots)
Stlth    +.........             (no amulet)
HPRegen  0.21/turn              A - ring of protection from cold
MPRegen  0.13/turn              (no ring)

@: heavily drained, very slow
A: distributed training, fangs 1, strong nose
a: Bend Time, Renounce Religion


You were on level 8 of the Dungeon.
You worshipped Cheibriados.
Cheibriados was pleased with you.
You were not hungry.

You visited 2 branches of the dungeon, and saw 9 of its levels.

You collected 465 gold pieces.
You spent 70 gold pieces at shops.

Inventory:

Hand Weapons
 D - a +3 flail of holy wrath (weapon)
 E - a +4 whip
Missiles
 n - 144 sling bullets
 y - 113 bolts
Armour
 c - a +0 shield (worn)
 s - a +4 scale mail (worn)
Jewellery
 A - a ring of protection from cold (left hand)
Wands
 m - a wand of flame (21)
 z - a wand of iceblast (11)
Scrolls
 e - 3 scrolls of amnesia
 k - 2 scrolls of fear
 l - 2 scrolls of magic mapping
 p - a scroll of enchant weapon
 q - 2 scrolls of teleportation
 B - a scroll of fog {unknown}
 C - 4 scrolls of remove curse
Potions
 b - a potion of flight
 d - 2 potions of brilliance
 g - 4 potions of heal wounds
 h - a potion of agility
 i - 2 potions of lignification
 j - a potion of magic {unknown}
 o - a potion of cancellation {unknown}
 r - 2 potions of mutation {unknown}
 t - 2 potions of curing {unknown}
 u - 2 potions of ambrosia {unknown}
 x - a potion of experience {unknown}
Comestibles
 f - 12 rations


   Skills:
 + Level 7.4(6.1) Fighting
 + Level 3.3(2.1) Short Blades
 + Level 5.7(4.4) Long Blades
 + Level 3.3(2.1) Axes
 + Level 3.3(2.1) Maces & Flails
 + Level 3.3(2.1) Polearms
 + Level 3.3(2.1) Staves
 + Level 3.3(2.1) Slings
 + Level 3.3(2.1) Bows
 + Level 3.3(2.1) Crossbows
 + Level 3.3(2.1) Throwing
 + Level 7.4(6.1) Armour
 + Level 3.3(2.1) Dodging
 + Level 3.3(2.1) Stealth
 + Level 7.4(6.1) Shields
 + Level 3.3(2.1) Unarmed Combat
 + Level 3.3(2.1) Spellcasting
 + Level 2.7(1.5) Conjurations
 + Level 2.7(1.5) Hexes
 + Level 2.7(1.5) Charms
 + Level 2.7(1.5) Summonings
 + Level 2.7(1.5) Necromancy
 + Level 2.7(1.5) Translocations
 + Level 2.7(1.5) Transmutations
 + Level 2.7(1.5) Fire Magic
 + Level 2.7(1.5) Ice Magic
 + Level 2.7(1.5) Air Magic
 + Level 2.7(1.5) Earth Magic
 + Level 2.7(1.5) Poison Magic
 + Level 3.6(2.5) Invocations
 + Level 3.3(2.1) Evocations


You had 13 spell levels left.
You didn't know any spells.
Your spell library contained the following spells:

 Spells                   Type           Power        Failure   Level  Hunger
 Freeze                   Ice            #...         56%         1    #......
 Throw Frost              Conj/Ice       #.....       71%         2    ###....
 Ozocubu's Armour         Chrm/Ice       #.......     91%         3    ###....
 Summon Ice Beast         Ice/Summ       #.......     100%        4    #####..
 Throw Icicle             Conj/Ice       #.......     100%        4    #####..
 Malign Gateway           Summ/Tloc      #.........   100%        7    #######
 Monstrous Menagerie      Summ           #.........   100%        7    #######
 Summon Greater Demon     Summ           #.........   100%        7    #######
 Summon Horrible Things   Summ           #.........   100%        8    #######


Dungeon Overview and Level Annotations

Branches:
Dungeon (8/15)             Temple (1/1) D:5
   Lair: D:8-11

Altars:
Ashenzari
Cheibriados
Dithmenos
Elyvilon
Fedhas
Hepliaklqana
Kikubaaqudgha
Makhleb
Nemelex Xobeh
Ru
Sif Muna
Trog
Uskayaw
Vehumet
Wu Jian
Xom
Yredelemnul
Zin
The Shining One

Shops:
D:4 !   D:6 =

Annotations:
D:3 3 runed doors, TheNamelessOne's ghost, amateur OpIE


Innate Abilities, Weirdness & Mutations

Your experience applies equally to all skills.
You have very sharp teeth.
Your uncanny sense of smell can sniff out nearby items.


Message History

You barely miss the wight.
The wight is moderately damaged.
You block the wight's attack. x2; The wight closely misses you.
You sock the wight!
The wight convulses.
You destroy the wight!
Cheibriados thoroughly appreciates the change of pace.
You block the wight's attack.
The wight hits you with a +4 halberd of freezing!
* * * LOW HITPOINT WARNING * * *
You feel drained.
* * * LOW HITPOINT WARNING * * *
The wight freezes you.
* * * LOW HITPOINT WARNING * * *
Items here: ))) [[[ † You hit the wight.
The wight convulses.
You bite the wight, but do no damage.
The wight is moderately damaged.
The wight hits you with a +4 halberd of freezing!
* * * LOW HITPOINT WARNING * * *
You feel drained.
You die...

#.# ##.# #.##
..######.#
.........#
........##
########.# #.#
...#########@##
......)....z..#
..............##
...............##
.....####....##.#
....# #########
#..# #.. ..


You could see a wight.

Vanquished Creatures
  A phantom (D:4)
  3 bullfrogs
  8 wights
  2 gnoll shamans (D:6)
  3 hounds
  A centaur zombie (D:6)
  A jelly (D:8)
  Ijyb (D:5)
  Terence (D:3)
  An orc priest (D:7)
  Jessica (D:3)
  3 iguanas
  2 orc wizards
  2 worker ants
  2 howler monkey zombies (D:7)
  6 gnolls
  6 adders
  An ooze (D:4)
  An adder skeleton (D:5)
  A worm (D:3)
  3 dart slugs
  8 leopard geckos
  6 orcs
  8 bats
  3 giant cockroaches
  6 goblins
  3 hobgoblins (D:1)
  4 quokkas
  A ball python (D:7)
  8 frilled lizards
  4 kobolds
  3 rats
104 creatures vanquished.

Notes
Turn   | Place    | Note
-------+----------+-------------------------------------------
     0 | D:1      | Lanoc the Gnoll Fighter began the quest for the Orb.
     0 | D:1      | Reached XP level 1. HP: 23/23 MP: 1/1
    86 | D:1      | Reached XP level 2. HP: 25/29 MP: 2/2
   470 | D:1      | Found a sparkling altar of Nemelex Xobeh.
   562 | D:1      | Reached XP level 3. HP: 35/35 MP: 3/3
   852 | D:2      | Reached skill level 1 in Invocations
  1186 | D:2      | Reached skill level 1 in Short Blades
  1186 | D:2      | Reached skill level 1 in Axes
  1186 | D:2      | Reached skill level 1 in Maces & Flails
  1186 | D:2      | Reached skill level 1 in Polearms
  1186 | D:2      | Reached skill level 1 in Staves
  1186 | D:2      | Reached skill level 1 in Slings
  1186 | D:2      | Reached skill level 1 in Bows
  1186 | D:2      | Reached skill level 1 in Crossbows
  1186 | D:2      | Reached skill level 1 in Throwing
  1186 | D:2      | Reached skill level 1 in Dodging
  1186 | D:2      | Reached skill level 1 in Stealth
  1186 | D:2      | Reached skill level 1 in Unarmed Combat
  1186 | D:2      | Reached skill level 1 in Spellcasting
  1186 | D:2      | Reached skill level 1 in Evocations
  1186 | D:2      | Reached XP level 4. HP: 39/41 MP: 5/5
  1724 | D:3      | Noticed Terence
  1732 | D:3      | Killed Terence
  1732 | D:3      | Reached skill level 1 in Conjurations
  1732 | D:3      | Reached skill level 1 in Hexes
  1732 | D:3      | Reached skill level 1 in Charms
  1732 | D:3      | Reached skill level 1 in Summonings
  1732 | D:3      | Reached skill level 1 in Necromancy
  1732 | D:3      | Reached skill level 1 in Translocations
  1732 | D:3      | Reached skill level 1 in Transmutations
  1732 | D:3      | Reached skill level 1 in Fire Magic
  1732 | D:3      | Reached skill level 1 in Ice Magic
  1732 | D:3      | Reached skill level 1 in Air Magic
  1732 | D:3      | Reached skill level 1 in Earth Magic
  1732 | D:3      | Reached skill level 1 in Poison Magic
  1734 | D:3      | Reached XP level 5. HP: 46/47 MP: 5/7
  1779 | D:3      | Found a runed gate.
  1780 | D:3      | Found a runed gate.
  1780 | D:3      | Found a runed gate.
  1881 | D:3      | Noticed TheNamelessOne's ghost (amateur OpIE)
  2223 | D:3      | Found a snail-covered altar of Cheibriados.
  2240 | D:3      | Became a worshipper of Cheibriados the Contemplative
  2459 | D:3      | Noticed Jessica
  2466 | D:3      | Killed Jessica
  2723 | D:4      | Reached XP level 6. HP: 53/53 MP: 8/8
  2767 | D:4      | Noticed a phantom
  2797 | D:4      | Killed a phantom
  2797 | D:4      | Reached skill level 5 in Long Blades
  2912 | D:4      | Found a shattered altar of Ashenzari.
  3050 | D:4      | Found Reset's Distillery.
  3053 | D:4      | Bought a potion of heal wounds for 70 gold pieces
  3235 | D:5      | Entered Level 5 of the Dungeon
  3235 | D:5      | Noticed Ijyb
  3250 | D:5      | Killed Ijyb
  3480 | D:5      | Reached * piety under Cheibriados
  3480 | D:5      | Reached XP level 7. HP: 45/59 MP: 10/10
  3735 | D:5      | Found a sacrificial altar of Ru.
  3739 | D:5      | Found a hide-covered altar of Uskayaw.
  3871 | D:5      | Found a staircase to the Ecumenical Temple.
  3885 | Temple   | Entered the Ecumenical Temple
  4278 | D:6      | Found a glowing golden altar of the Shining One.
  4628 | D:6      | Found Siziwesa's Jewellery Emporium.
  5043 | D:7      | Reached XP level 8. HP: 67/67 MP: 12/12
  5052 | D:7      | Reached ** piety under Cheibriados
  5349 | D:7      | Found a shattered altar of Ashenzari.
  5610 | D:8      | HP: 2/67 [wight/+4 halberd of freezing (10)]
  5610 | D:8      | Slain by a wight

Vault maps used:
D:1:      evilmike_arrival_hilbert_curve, nemelex_diamond_rough_becter
D:2:      first_ration
D:3:      cheibriados_altar_1, gammafunk_ghost_icy, st_stairs_4,
          minmay_misc_feat_plants, uniq_terence, uniq_jessica
D:4:      ashenzari_altar_1, serial_shops, nicolae_shop_behind_doors,
          serial_rivers, chequers_serial_rivers_micro_d,
          chequers_serial_rivers_small_b, chequers_serial_rivers_small_b,
          chequers_serial_rivers_room_b, chequers_serial_rivers_micro_a
D:5:      minitemple, minmay_temple_entry_offerings,
          minmay_misc_feat_more_columns, uniq_ijyb
D:6:      old_standard_altar, serial_shops, shop, nrook_campfire
D:7:      basic_altar
D:8:      grunt_qazlal_sundering
Temple:   jpeg_temple_clearing

Skill      XL: |  1  2  3  4  5  6  7  8 |
---------------+-------------------------+-----
Invocations    | 1 2 3 |  3.6
Short Blades   | 1 2 3 |  3.3
Axes           | 1 2 3 |  3.3
Maces & Flails | 1 2 3 |  3.3
Polearms       | 1 2 3 |  3.3
Staves         | 1 2 3 |  3.3
Slings         | 1 2 3 |  3.3
Bows           | 1 2 3 |  3.3
Crossbows      | 1 2 3 |  3.3
Throwing       | 1 2 3 |  3.3
Dodging        | 1 2 3 |  3.3
Stealth        | 1 2 3 |  3.3
Unarmed Combat | 1 2 3 |  3.3
Spellcasting   | 1 2 3 |  3.3
Evocations     | 1 2 3 |  3.3
Conjurations   | 1 2 |  2.7
Hexes          | 1 2 |  2.7
Charms         | 1 2 |  2.7
Summonings     | 1 2 |  2.7
Necromancy     | 1 2 |  2.7
Translocations | 1 2 |  2.7
Transmutations | 1 2 |  2.7
Fire Magic     | 1 2 |  2.7
Ice Magic      | 1 2 |  2.7
Air Magic      | 1 2 |  2.7
Earth Magic    | 1 2 |  2.7
Poison Magic   | 1 2 |  2.7
Long Blades    | 5 |  5.7
Fighting       | 7 |  7.4
Armour         | 7 |  7.4
Shields        | 7 |  7.4

Action                   |  1- 3 |  4- 6 |  7- 9 || total
-------------------------+-------+-------+-------++-------
Melee: Long sword        |   127 |   193 |    40 ||   360
       Bite              |    19 |    28 |    20 ||    67
       Flail             |       |       |    84 ||    84
  Use: Potion            |       |     5 |     1 ||     6
       Scroll            |       |     2 |    13 ||    15
  Eat: Chunk             |       |    10 |     3 ||    13
Armor: Scale mail        |    51 |   104 |    50 ||   205
       Skin              |       |    29 |       ||    29
Dodge: Dodged            |    34 |    79 |    47 ||   160
Block: Shield            |    71 |   163 |    87 ||   321
       Rpst.: Long sword |    10 |    14 |     7 ||    31

Table legend:
 A = Non-vault XP
 B = Vault XP
 C = Vault XP percentage of total XP
 D = Non-vault monster count
 E = Vault monster count
 F = Vault count percentage of total count
                 A         B        C        D         E       F
            +---------+---------+-------+---------+---------+-------
      Total |    1715 |     168 |   8.9 |      99 |       5 |   4.8
            +---------+---------+-------+---------+---------+-------
        D:1 |      45 |       0 |   0.0 |      23 |       0 |   0.0
        D:2 |      62 |       0 |   0.0 |      14 |       0 |   0.0
        D:3 |      69 |     130 |  65.3 |      17 |       4 |  19.0
        D:4 |     212 |       0 |   0.0 |       7 |       0 |   0.0
        D:5 |      80 |      38 |  32.2 |       5 |       1 |  16.7
        D:6 |     371 |       0 |   0.0 |      12 |       0 |   0.0
        D:7 |     506 |       0 |   0.0 |      15 |       0 |   0.0
        D:8 |     370 |       0 |   0.0 |       6 |       0 |   0.0
            +---------+---------+-------+---------+---------+-------
